 Dungeon Crawl Stone Soup version 0.18.1-8-gdd0e5ea (webtiles) character file.

1133 mistymad the Shield-Bearer (level 8, 48/48 HPs)
             Began as a Gargoyle Fighter on May 24, 2016.
             Quit the game on level 5 of the Dungeon on May 25, 2016.
             The game lasted 00:18:12 (4589 turns).

mistymad the Shield-Bearer (Gargoyle Fighter)       Turns: 4589, Time: 00:18:13

Health: 48/48      AC: 12    Str: 19    XL:     8   Next: 36%
Magic:  8/8        EV: 14    Int: 10    God:
Gold:   209        SH: 10    Dex: 11    Spells: 0 memorised, 7 levels left

rFire  . . .     SeeInvis +     a - +0 flail
rCold  . . .     Gourm    .     b - +0 scale mail
rNeg   + . .     Faith    .     c - +0 shield
rPois  ∞         Spirit   .     (no helmet)
rElec  +         Dismiss  .     (no cloak)
rCorr  .         Reflect  .     (no gloves)
SustAt .         Harm     .     (no boots)
MR     .....                    (no amulet)
Stlth  ..........               s - ring of see invisible
                                o - +5 ring of evasion

@: not resistant to hostile enchantments, extremely unstealthy
A: negative energy resistance 1, electricity resistance, unbreathing,
petrification resistance, rot immunity, AC +5
a: no special abilities


You were on level 5 of the Dungeon.
You were very hungry.

You visited 1 branch of the dungeon, and saw 5 of its levels.

You collected 209 gold pieces.

Inventory:

Hand Weapons
 a - a +0 flail (weapon)
Armour
 b - a +0 scale mail (worn)
 c - a +0 shield (worn)
Jewellery
 o - a +5 ring of evasion (left hand)
 s - a ring of see invisible (right hand)
 y - an uncursed ring of stealth
Scrolls
 g - a scroll of amnesia {unknown}
 h - 2 scrolls of noise {unknown}
 i - 7 scrolls of identify {unknown}
 k - 4 scrolls of teleportation {unknown}
 l - a scroll of remove curse {unknown}
 n - a scroll of recharging {unknown}
 p - 2 scrolls of random uselessness {unknown}
 r - 4 scrolls of blinking {unknown}
 u - a scroll of enchant armour {unknown}
 C - a scroll of fog {unknown}
Potions
 d - 2 potions of might
 e - a potion of resistance {unknown}
 j - a potion of degeneration {unknown}
 v - a potion of flight {unknown}
 x - a potion of mutation {unknown}
 z - 3 potions of agility {unknown}
 A - a potion of brilliance {unknown}
Comestibles
 f - 5 bread rations
 m - a royal jelly
 q - 2 slices of pizza
 t - 3 meat rations
 w - a beef jerky


   Skills:
 + Level 4.9 Fighting
 + Level 4.3 Maces & Flails
 + Level 5.2 Armour
 + Level 4.0 Dodging
 + Level 0.2 Stealth
 + Level 6.3 Shields


You had 7 spell levels left.
You didn't know any spells.

Dungeon Overview and Level Annotations

Branches:
Dungeon (5/15)
 Temple: D:4-7

Altars:
Cheibriados
Qazlal
Trog
Vehumet
Xom


Innate Abilities, Weirdness & Mutations

You are resistant to torment.
Your stone body is resilient (AC +5).
You are immune to poison.
You resist negative energy.
You are resistant to electric shocks.
You can survive without breathing.
You are immune to petrification.
You are immune to rotting.


Message History

Press ? for a list of commands and other information.
f - 5 bread rations (gained 1) Done exploring.
Firing (i - inventory): No suitable missiles.
Press: ? - help, Shift-Dir - straight line
Okay, then.
Firing (i - inventory): No suitable missiles.
Press: ? - help, Shift-Dir - straight line, f - you
Okay, then.
Unknown command.
Unknown command.
Unknown command.
Unknown command.
Unknown command.
Saving game... please wait.
Welcome back, mistymad the Gargoyle Fighter.
Press ? for a list of commands and other information.
Welcome back, mistymad the Gargoyle Fighter.
Press ? for a list of commands and other information.
Are you sure you want to abandon this character and quit the game? (Confirm with "yes".)

#######..(((.......#
#............#
#............#
#........(...#
#.........(..#
#............#
#............#
#............#
#.......@....#
#............#
#............#
##############


There were no monsters in sight!

Vanquished Creatures
  A hippogriff (D:4)
  A phantom (D:5)
  3 centaurs (D:5)
  3 scorpions
  A giant frog zombie (D:5)
  A crimson imp (D:5)
  2 hounds (D:4)
  A giant frog skeleton (D:4)
  2 orc priests
  Terence (D:2)
  An orc wizard (D:4)
  A worker ant (D:4)
  A hound skeleton (D:5)
  4 gnolls (D:3)
  10 adders
  2 worms
  2 dart slugs
  2 giant geckos (D:2)
  9 orcs
  2 ball pythons (D:2)
  4 giant cockroaches
  8 goblins
  13 hobgoblins
  4 jackals (D:3)
  6 kobolds
  3 quokkas
  6 bats
  7 giant newts
  A quokka skeleton (D:4)
  6 rats
108 creatures vanquished.

Notes
Turn   | Place    | Note
--------------------------------------------------------------
     0 | D:1      | mistymad the Gargoyle Fighter began the quest for the Orb.
     0 | D:1      | Reached XP level 1. HP: 14/14 MP: 1/1
    66 | D:1      | Reached XP level 2. HP: 13/19 MP: 2/2
   430 | D:1      | Reached XP level 3. HP: 15/23 MP: 3/3
   659 | D:2      | Reached skill level 1 in Dodging
   873 | D:2      | Reached XP level 4. HP: 28/28 MP: 4/4
   919 | D:2      | Noticed Terence
   947 | D:2      | Killed Terence
   947 | D:2      | Reached skill level 4 in Shields
  1287 | D:2      | Reached XP level 5. HP: 32/32 MP: 5/5
  1906 | D:3      | Reached XP level 6. HP: 38/38 MP: 6/6
  2042 | D:3      | Found a radiant altar of Vehumet.
  2042 | D:3      | Found a snail-covered altar of Cheibriados.
  2325 | D:4      | Reached skill level 5 in Shields
  2878 | D:4      | Reached XP level 7. HP: 38/43 MP: 7/7
  2912 | D:4      | Noticed a hippogriff
  2930 | D:4      | Killed a hippogriff
  3392 | D:5      | Entered Level 5 of the Dungeon
  3667 | D:5      | Reached skill level 6 in Shields
  3667 | D:5      | Reached XP level 8. HP: 47/48 MP: 8/8
  3877 | D:5      | Found a bloodstained altar of Trog.
  3878 | D:5      | Found a stormy altar of Qazlal.
  3880 | D:5      | Found a shimmering altar of Xom.
  4310 | D:5      | Reached skill level 5 in Armour
  4589 | D:5      | Quit the game

Skill      XL: |  1  2  3  4  5  6  7  8 |
---------------+-------------------------+-----
Dodging        | 1 2 3 4 |  4.0
Armour         | 4 5 |  5.2
Shields        | 4 5 6 |  6.3
Maces & Flails | 3 4 |  4.3
Fighting       | 4 |  4.9
Stealth        | |  0.2

Action                   |  1- 3 |  4- 6 |  7- 9 || total
-------------------------+-------+-------+-------++-------
Melee: Flail             |   156 |   325 |   190 ||   671
  Eat: Chunk             |       |     7 |     5 ||    12
Armor: Scale mail        |   115 |   146 |    71 ||   332
Dodge: Dodged            |    60 |   230 |   115 ||   405
Block: Shield            |   118 |   212 |    99 ||   429
